cohdb
Replays
Latest Replays
All Replays
Popular Replays
Top Player Replays
Match Explorer
How It Works
Community
CoH3 Stats
Reddit
Sign in to upload your games and track your stats! →
Sign in with Steam
Match 28221493
Unlisted
Match 28221493
Overview
Messages
Build Orders
End
Panzergrenadier Squad
Kradschützen Motorcycle Team
Panzergrenadier Squad
Construct Light Support Kompanie
MG34 Team
Fire Support Elements
Assault Grenadier Squad
Selects Battlefield Espionage Battlegroup
Selects 250/3 Funkpanzerwagen
Selects Sector Subterfuge Beacon
le.IG 18 Mechanized Group
Flakvierling Half-track
2.5-tonne Medical Truck
Selects Anti-Tank Incendiary Munitions
Pak 38 Anti-tank Gun Team
Construct Mechanized Kompanie
254 Reconnaissance Tractor
le.IG 18 Mechanized Group
Selects Transfer Depots
Selects Firestorm
Construct Panzerarmee Kommand
Armored Reserves
Tiger Heavy Tank
Selects Operation Skorpion
KeepMovingShnep
Wrathment
0
0
Comments
sign in to comment!
No comments posted yet!